 Dungeon Crawl Stone Soup version 0.25.1-2-g60ff931df9 (webtiles) character file.

Game seed: 11402245249899550114

261 Johnny the Digger (level 5, 0/38 HPs)
             Began as a Demigod Earth Elementalist on Oct 10, 2020.
             Slain by an orc
             ... wielding a +0 hand axe
              (7 damage)
             ... on level 3 of the Dungeon.
             The game lasted 00:02:27 (2761 turns).

Johnny the Digger (Demigod Earth Elementalist)      Turns: 2761, Time: 00:02:27

Health: 0/38       AC:  2    Str: 13    XL:     5   Next: 64%
Magic:  12/12      EV: 12    Int: 21    God:
Gold:   94         SH:  0    Dex: 16    Spells: 9/10 levels left

rFire    . . .     SeeInvis .   t - +1 dagger (elec)
rCold    . . .     Gourm    .   (no shield)
rNeg     . . .     Faith    .   a - +0 robe (curse)
rPois    .         Spirit   .   (no helmet)
rElec    .         Reflect  .   (no cloak)
rCorr    .         Harm     .   (no gloves)
MR       .....                  (no boots)
Stlth    ++........             (no amulet)
HPRegen  0.12/turn              (no ring)
MPRegen  0.13/turn              (no ring)

@: no status effects
A: blurry vision 1, high mp 1, sense surroundings 1, strong 1, MP-powered wands
a: no special abilities


You were on level 3 of the Dungeon.
You were not hungry.

You visited 1 branch of the dungeon, and saw 3 of its levels.

You collected 94 gold pieces.

Inventory:

Hand Weapons
 g - a +2 dagger of freezing
 t - a +1 dagger of electrocution (weapon)
Missiles
 u - 8 stones (quivered)
Armour
 a - a cursed +0 robe (worn)
 c - a +0 robe
Jewellery
 o - a +6 ring of intelligence {unknown}
 v - an uncursed amulet of regeneration {unknown}
Scrolls
 e - 2 scrolls of noise {unknown}
 h - 5 scrolls of identify {unknown}
 l - a scroll of teleportation {unknown}
 n - a scroll of immolation {unknown}
 q - a scroll of magic mapping {unknown}
 r - a scroll of blinking {unknown}
 x - a scroll of fog {unknown}
Potions
 b - a potion of stabbing
 f - a potion of mutation
 i - a potion of flight {unknown}
 j - a potion of curing
 k - 3 potions of heal wounds {unknown}
 m - a potion of cancellation {unknown}
 p - a potion of berserk rage {unknown}
 s - 2 potions of lignification {unknown}
Comestibles
 d - 2 rations


   Skills:
 - Level 1.7 Dodging
 - Level 1.7 Stealth
 + Level 3.3 Spellcasting
   Level 0.8 Transmutations
 * Level 5.2 Earth Magic


You had 9 spell levels left.
You knew the following spells:

 Your Spells              Type           Power        Failure   Level  Hunger
a - Sandblast             Erth           ####..       1%          1    None

Your spell library contained the following spells:

 Spells                   Type           Power        Failure   Level  Hunger
 Passwall                 Tmut/Erth      ###.....     5%          2    ##.....
 Stone Arrow              Conj/Erth      ##....       13%         3    ###....
 Petrify                  Tmut/Erth      ###.....     36%         4    ####...
 Lee's Rapid Deconstruct  Erth           ####......   38%         5    ######.


Dungeon Overview and Level Annotations

Branches:
Dungeon (3/15)


Innate Abilities, Weirdness & Mutations

You have an increased reservoir of magic. (+10% MP)
Scrolls take you a little longer to read.
You passively map a small area around you.
Your muscles are strong. (Str +2)
You expend magic power (3 MP) to strengthen your wands.


Message History

You hear the quick rusting of a very distant drain.
The orc closely misses you.
You bump into the rock wall.
The orc hits you with a +0 hand axe.
You're too confused to cast spells.
Sorry, you're not good enough to have a special ability.
Unknown command.
You hit the orc. Lightning courses through the orc!
You kill the orc!
You bump into the rock wall.
The orc hits you with a +0 hand axe.
You bump into the rock wall.
The orc hits you with a +0 hand axe.
* * * LOW HITPOINT WARNING * * *
You're too confused to cast spells.
Sorry, you're not good enough to have a special ability.
Throwing (i - inventory)
u - 9 stones (quivered)
Press: ? - help, Shift-Dir - straight line, f - orc
Aim: an orc, wielding a +0 hand axe and wearing a +0 leather armour You throw a stone.
You feel less confused. The orc hits you with a +0 hand axe!
You die...

* #...#.# ,
#...#.# , #...#.#
* * #...#.###
#....รท..#
.#######.#.#..##
*....>..........#
,
.#############.###
,
.......)(.o@.((..#
.#################
, * **


You could see an orc.

Vanquished Creatures
  Sigmund (D:2)
  An orc wizard (D:3)
  Terence (D:2)
  An adder (D:2)
  A worm (D:3)
  3 dart slugs (D:1)
  3 leopard geckos
  3 orcs (D:3)
  2 bats
  A giant cockroach (D:1)
  7 goblins
  6 hobgoblins
  6 jackals
  A quokka (D:2)
  A frilled lizard (D:1)
  6 kobolds
  5 rats (D:1)
49 creatures vanquished.

Notes
Turn   | Place    | Note
-------+----------+-------------------------------------------
     0 | D:1      | Johnny the Demigod Earth Elementalist began the quest for
                  | the Orb.
     0 | D:1      | Reached XP level 1. HP: 14/14 MP: 5/5
   275 | D:1      | Reached skill level 3 in Earth Magic
   336 | D:1      | Found a shattered altar of Ashenzari.
   631 | D:1      | Reached XP level 2. HP: 20/20 MP: 5/7
  1124 | D:2      | Reached XP level 3. HP: 26/26 MP: 6/9
  1633 | D:2      | Noticed Sigmund
  1641 | D:2      | Gained mutation: Scrolls take you a little longer to read.
                  | [potion of mutation]
  1641 | D:2      | Gained mutation: You expend magic power (3 MP) to
                  | strengthen your wands. [potion of mutation]
  1641 | D:2      | Gained mutation: You passively map a small area around you.
                  | [potion of mutation]
  1641 | D:2      | Gained mutation: Your muscles are strong. (Str +2) [potion
                  | of mutation]
  1644 | D:2      | Killed Sigmund
  1644 | D:2      | Reached skill level 4 in Earth Magic
  1644 | D:2      | Reached XP level 4. HP: 11/33 MP: 9/11
  1644 | D:2      | Reached XP level 5. HP: 12/38 MP: 9/12
  1979 | D:2      | Noticed Terence
  1988 | D:2      | Killed Terence
  1988 | D:2      | Reached skill level 5 in Earth Magic
  2761 | D:3      | Slain by an orc

Illustrated notes

Levels and vault maps discovered:
D:1:      minmay_arrival_four_circles, layout_rooms, evilmike_ruin_ashenzari
D:2:      layout_basic, kennysheep_potato, uniq_sigmund, uniq_terence
D:3:      layout_basic, lemuel_crystal_altar, lightli_sewer_entry_pipes,
          uniq_robin, uniq_natasha, uniq_ijyb

Skill      XL: |  1  2  3  4  5 |
---------------+----------------+-----
Earth Magic    | 3 4 5 |  5.2
Spellcasting   | 2 3 |  3.3
Dodging        | |  1.7
Stealth        | |  1.7
Transmutations | |  0.8

Action                   |  1- 3 |  4- 6 || total
-------------------------+-------+-------++-------
Melee: Unarmed           |     8 |       ||     8
       Dagger            |    23 |    51 ||    74
Throw: Stone             |       |     2 ||     2
 Cast: Sandblast         |    36 |     7 ||    43
  Use: Potion            |     3 |       ||     3
 Stab: Sleeping          |     1 |       ||     1
  Eat: Chunk             |     2 |     4 ||     6
Armor: Robe              |     7 |    12 ||    19
Dodge: Dodged            |    22 |    48 ||    70
